 Dungeon Crawl Stone Soup version 0.21-a0-529-g8c7b3f5d53 (webtiles) character file.

387 MrRokkomies the Caller (level 6, -6/51 HPs)
             Began as a Barachi Summoner on Dec 8, 2017.
             Was an Initiate of Cheibriados.
             Shot with an arrow by a centaur (11 damage)
             ... on level 5 of the Dungeon on Dec 9, 2017.
             The game lasted 00:18:02 (4927 turns).

MrRokkomies the Caller (Barachi Summoner)           Turns: 4927, Time: 00:18:03

Health: -6/51      AC:  4    Str: 10 (12) XL:     6   Next: 78%
Magic:  0/9        EV: 13    Int: 21 (22) God:    Cheibriados [......]
Gold:   286        SH:  0    Dex: 11 (13) Spells: 4/9 levels left

rFire    . . .     SeeInvis .   b - +0 blowgun
rCold    . . .     Gourm    .   (no shield)
rNeg     . . .     Faith    .   k - +0 robe
rPois    .         Spirit   .   n - +0 helmet
rElec    .         Reflect  .   (no cloak)
rCorr    .         Harm     .   (no gloves)
MR       +....                  o - +0 pair of boots
Stlth    ++........             (no amulet)
HPRegen  0.17/turn              d - ring of protection from magic
MPRegen  0.11/turn              (no ring)

@: brilliant, lethally poisoned (-6 -> -7), very slow
A: +LOS, swims, slowness 1, strong legs 1
a: Hop, Bend Time, Renounce Religion


You were on level 5 of the Dungeon.
You worshipped Cheibriados.
Cheibriados was noncommittal.
You were near starving.

You visited 2 branches of the dungeon, and saw 6 of its levels.

You collected 286 gold pieces.

Inventory:

Hand Weapons
 a - a +0 halberd
 b - a +0 blowgun (weapon)
Missiles
 i - 12 poisoned needles (quivered)
Armour
 k - a +0 robe (worn)
 n - a +0 helmet (worn)
 o - a +0 pair of boots (worn)
Jewellery
 d - a ring of protection from magic (left hand)
Wands
 f - a wand of flame (22)
 q - a wand of enslavement (11)
Scrolls
 c - a scroll of teleportation
 t - a scroll of remove curse
 y - a scroll of amnesia
Potions
 g - 2 potions of flight
 j - a potion of resistance
 v - a potion of magic {unknown}
 w - a potion of invisibility {unknown}
 z - a potion of heal wounds {unknown}
Books
 e - a book of Cantrips

   Spells                             Type                      Level
   a - Confusing Touch                Hexes                        1
   b - Animate Skeleton               Necromancy                   1
   c - Summon Small Mammal            Summoning                    1
   d - Apportation                    Translocation                1
 p - a book of Callings

   Spells                             Type                      Level
   a - Summon Small Mammal            Summoning                    1
   b - Call Imp                       Summoning                    2
   c - Call Canine Familiar           Summoning                    3
   d - Summon Guardian Golem          Hexes/Summoning              3
   e - Summon Lightning Spire         Summoning/Air                4
   f - Summon Ice Beast               Ice/Summoning                4
Comestibles
 h - 4 meat rations
 m - 2 fruits
 s - a royal jelly
 u - a bread ration


   Skills:
 * Level 5.0 Fighting
 * Level 3.4 Polearms
 - Level 3.0 Dodging
 - Level 1.7 Stealth
 - Level 2.1 Spellcasting
 - Level 6.0 Summonings


You had 4 spell levels left.
You knew the following spells:

 Your Spells              Type           Power        Failure   Level  Hunger
b - Call Imp              Summ           #####...     1%          2    ##.....
c - Call Canine Familiar  Summ           #####...     1%          3    ###....


Dungeon Overview and Level Annotations

Branches:
Dungeon (5/15)             Temple (1/1) D:4

Altars:
Ashenzari
Cheibriados
Dithmenos
Elyvilon
Fedhas
Gozag
Hepliaklqana
Okawaru
Sif Muna
Trog
Uskayaw
Vehumet
Xom
Yredelemnul
Zin
The Shining One


Innate Abilities, Weirdness & Mutations

Shadows flee at your approach. (+LOS)
You can swim through water.
You cover ground slowly.
You can hop short distances.


Message History

It was a potion of brilliance.
You feel clever all of a sudden.
The centaur wields an uncursed shortbow.
The centaur shoots an arrow.
The arrow hits your hound.
Your hound bites the centaur but does no damage.
It was a potion of degeneration.
There was something very wrong with that liquid.
You feel weakened.
You feel dopey.
You feel clumsy.
Your hound bites the centaur but does no damage.
The centaur unwields an uncursed shortbow.
The centaur hits your hound!
Your hound bites the centaur but does no damage.
Casting: Call Canine Familiar
Confirm with . or Enter, or press ? or * to list all spells.
Your hound disappears in a puff of smoke!
The centaur wields an uncursed shortbow.
The centaur shoots an arrow.
The arrow hits your hound.
The centaur shoots an arrow.
The arrow closely misses your hound. The arrow hits you!
You die...

#.# ..# #.# ..# #.# ..#
#.# ..# #.# ..# #.# ..#
#.# ..#
#.#############..##
#......@>h(§cg(...#
###############...(....
.#.#(?.. Oc # .# ((.
...# .... g.... #.(>..


You could see a centaur, a gnoll and a friendly hound.

Vanquished Creatures
  An ogre (D:5)
  A scorpion (D:5)
  A centaur skeleton (D:5)
  A worker ant (D:5)
  A killer bee zombie (D:5)
  A hound zombie (D:5)
  A gnoll (D:5)
  3 adders
  2 oozes
  A worm (D:2)
  A dart slug (D:2)
  2 leopard geckos
  2 orcs (D:3)
  2 giant cockroaches
  6 goblins
  4 hobgoblins (D:3)
  2 jackals (D:3)
  A quokka (D:3)
  3 bats (D:3)
  4 frilled lizards
  5 kobolds
  5 rats
50 creatures vanquished.

Vanquished Creatures (collateral kills)
  An ogre (D:5)
  A howler monkey (D:5)
  A jelly (D:5)
  A worker ant (D:5)
  Robin (D:3)
  An adder (D:3)
  2 gnolls (D:5)
  4 goblins
  5 hobgoblins (D:3)
  A quokka (D:5)
  2 bats
  A kobold (D:1)
21 creatures vanquished.

Vanquished Creatures (others)
  A gnoll (D:5)
  An adder (D:3)
2 creatures vanquished.

Grand Total: 73 creatures vanquished

Notes
Turn   | Place    | Note
-------+----------+-------------------------------------------
     0 | D:1      | MrRokkomies the Barachi Summoner began the quest for the Orb.
     0 | D:1      | Reached XP level 1. HP: 13/13 MP: 3/3
   246 | D:1      | Reached skill level 5 in Summonings
   261 | D:1      | Upgraded the game from 0.21-a0-528-gf531e82c92 to 0.21-a0-529-g8c7b3f5d53
   567 | D:1      | Reached XP level 2. HP: 12/20 MP: 1/5
   572 | D:1      | Learned a level 2 spell: Call Imp
  1402 | D:2      | Reached XP level 3. HP: 25/25 MP: 6/6
  1412 | D:2      | Found an opulent altar of Gozag.
  1609 | D:3      | Reached skill level 1 in Fighting
  1609 | D:3      | Reached skill level 6 in Summonings
  1750 | D:3      | Found a hazy altar of Hepliaklqana.
  2339 | D:3      | Noticed Robin
  2441 | D:3      | Reached XP level 4. HP: 27/33 MP: 7/7
  2681 | D:3      | Killed Robin
  2787 | D:3      | Learned a level 3 spell: Call Canine Familiar
  2877 | D:3      | Found a shimmering altar of Xom.
  2879 | D:3      | Noticed an angel
  2882 | D:3      | Found a glowing silver altar of Zin.
  3378 | D:4      | Found a staircase to the Ecumenical Temple.
  3389 | Temple   | Entered the Ecumenical Temple
  3515 | Temple   | Became a worshipper of Cheibriados the Contemplative
  3649 | D:4      | Found a deep blue altar of Sif Muna.
  3649 | D:4      | Found a shadowy altar of Dithmenos.
  3978 | D:5      | Entered Level 5 of the Dungeon
  3997 | D:5      | Reached skill level 1 in Polearms
  4214 | D:5      | Reached XP level 5. HP: 16/41 MP: 4/8
  4795 | D:5      | Found a blossoming altar of Fedhas.
  4835 | D:5      | Noticed an ogre
  4845 | D:5      | Killed an ogre
  4845 | D:5      | Reached XP level 6. HP: 48/48 MP: 4/9
  4919 | D:5      | Reached skill level 5 in Fighting
  4927 | D:5      | Shot with an arrow by a centaur

Vault maps used:
D:1:      nagdon_arrival_double_spiral
D:2:      grunt_gozag_statues
D:3:      kennysheep_six_static_rooms, grunt_temple_overflow_order_and_chaos_1,
          lemuel_doored_altar, uniq_robin
D:4:      gammafunk_temple_overflow_statue, temple_pool_b,
          minmay_misc_feat_secret_circle
D:5:      nemelex_xobeh_ov_fountains_minmay, lemuel_crystal_altar, first_bread
Temple:   nicolae_temple_figure_zero

Skill      XL: |  1  2  3  4  5  6 |
---------------+-------------------+-----
Summonings     | 5 6 |  6.0
Fighting       | 1 3 4 5 |  5.0
Dodging        | 3 |  3.0
Polearms       | 1 2 3 |  3.4
Stealth        | |  1.7
Spellcasting   | |  2.1

Action                   |  1- 3 |  4- 6 || total
-------------------------+-------+-------++-------
Melee: Short sword       |    78 |       ||    78
       Unarmed           |     5 |       ||     5
       Dagger            |     4 |       ||     4
       Mace              |    23 |    19 ||    42
       Spear             |       |    57 ||    57
       Halberd           |       |    12 ||    12
 Fire: Blowgun           |       |    13 ||    13
 Cast: Summon Small Mamm |     7 |       ||     7
       Call Imp          |    10 |    10 ||    20
       Call Canine Famil |       |     9 ||     9
Evoke: Wand              |       |    11 ||    11
  Use: Scroll            |     4 |     7 ||    11
       Potion            |     2 |     3 ||     5
 Stab: Distracted        |     1 |       ||     1
       Sleeping          |     1 |     1 ||     2
  Eat: Bread ration      |     1 |       ||     1
       Chunk             |     1 |     5 ||     6
       Meat ration       |     1 |       ||     1
Armor: Robe              |    24 |    21 ||    45
Dodge: Dodged            |    86 |    69 ||   155

Table legend:
 A = Spawn XP
 B = Non-spawn XP
 C = Spawn XP percentage of total XP
 D = Spawn monster count
 E = Non-spawn monster count
 F = Spawn count percentage of total count
 G = Total turns spent on level
                    A         B        C        D         E        F      G
               +---------+---------+-------+---------+---------+-------+---------
         Total |       0 |     553 |   0.0 |       0 |      72 |   0.0 |  4927
               +---------+---------+-------+---------+---------+-------+---------
           D:1 |       0 |      12 |   0.0 |       0 |       8 |   0.0 |  1096
           D:2 |       0 |      28 |   0.0 |       0 |       9 |   0.0 |   492
           D:3 |       0 |      91 |   0.0 |       0 |      37 |   0.0 |  1639
           D:4 |       0 |       6 |   0.0 |       0 |       3 |   0.0 |   614
           D:5 |       0 |     416 |   0.0 |       0 |      15 |   0.0 |   949
               +---------+---------+-------+---------+---------+-------+---------
